 Dungeon Crawl Stone Soup version bcrawl-1.21 (webtiles) character file.

Game seed: 11710548044024796958

271 Foic the Cudgeler (level 6, 0/55 HPs)
             Began as a Sand Dwarf Abyssal Knight on Feb 16, 2020.
             Was a Believer of Lugonu.
             Slain by an ice beast (11 damage)
             ... on level 3 of the Dungeon.
             The game lasted 00:09:02 (2362 turns).

Foic the Cudgeler (Sand Dwarf Abyssal Knight)       Turns: 2362, Time: 00:09:03

Health: 0/55       AC:  7    Str: 19    XL:     6   Next: 23%
Magic:  7/7        EV: 12    Int: 12    God:    Lugonu [**....]
Gold:   217        SH:  0    Dex: 10    Spells: 5/5 levels left

rFire    . . .     SeeInvis .   a - +1 mace
rCold    . . .     Gourm    .   (shield restricted)
rNeg     . . .     Faith    .   h - +0 scale mail
rPois    .         Spirit   .   (no helmet)
rElec    .         Reflect  .   (no cloak)
rCorr    .         Harm     .   (no gloves)
MR       .....                  (no boots)
Stlth    ..........             (no amulet)
HPRegen  0.18/turn              (no ring)
MPRegen  0.10/turn              (no ring)

@: slow
A: small, slowness 1, armour attunement
a: Depart the Abyss, Bend Space, Banish, Renounce Religion


You were on level 3 of the Dungeon.
You worshipped Lugonu.
Lugonu was pleased with you.
You were not hungry.

You visited 1 branch of the dungeon, and saw 3 of its levels.
You visited the Abyss 1 time.

You collected 217 gold pieces.

Inventory:

Hand Weapons
 a - a +1 mace (weapon)
Missiles
 c - 10 tomahawks of dispersal (quivered)
 d - 559 stones
Armour
 h - a +0 scale mail (worn)
 j - a +0 ring mail
Jewellery
 q - an uncursed ring of ice
Scrolls
 f - 3 scrolls of identify
 g - a scroll of fear {unknown}
 k - 3 scrolls of teleportation {unknown}
 p - 4 scrolls of remove curse {unknown}
Potions
 b - a potion of agility {unknown}
 i - a potion of mutation {unknown}
 n - 3 potions of curing {unknown}
 o - a potion of might {unknown}
Comestibles
 e - 3 rations {!d}
 l - 4 chunks of flesh


   Skills:
 * Level 4.8 Fighting
 * Level 6.7 Maces & Flails
 - Level 1.0 Throwing
 * Level 3.8 Armour
 + Level 1.2 Dodging
 * Level 2.4 Invocations


You had 5 spell levels left.
You didn't know any spells.
Your spell library was empty.

Dungeon Overview and Level Annotations

Branches:
Dungeon (3/12)

Altars:
Nemelex Xobeh


Innate Abilities, Weirdness & Mutations

You are small and have problems with some larger weapons.
You cover ground slowly.
Armour does not affect your spellcasting.


Message History

The ice beast is lightly wounded.
The ice beast hits you but does no damage.
You hit the ice beast.
The ice beast is lightly wounded.
The ice beast hits you. The ice beast freezes you!
You hit the ice beast but do no damage.
The ice beast is lightly wounded.
The ice beast hits you. The ice beast freezes you!
You are too injured to fight recklessly!
You are too injured to fight recklessly!
You completely miss the ice beast.
The ice beast is lightly wounded.
The ice beast hits you. The ice beast freezes you!
* * * LOW HITPOINT WARNING * * *
You closely miss the ice beast.
The ice beast is lightly wounded.
The ice beast hits you.
* * * LOW HITPOINT WARNING * * *
The ice beast freezes you!
You die...

###############
......Y@......#
#############.# ##
#.# .. #########
#.# #.
#.......###.######
#.
#................#
#.
#................#
#.
#................#
#.
#######..........#
#.


You could see an ice beast.

Vanquished Creatures
  A sky beast (D:3)
  An ogre (D:3)
  2 oozes (D:1)
  3 worms
  2 dart slugs (D:1)
  2 leopard geckos
  An orc (D:3)
  4 giant cockroaches
  9 goblins
  7 hobgoblins
  8 jackals
  3 quokkas
  7 bats
  4 frilled lizards
  7 kobolds
  5 rats
66 creatures vanquished.

Notes
Turn   | Place    | Note
-------+----------+-------------------------------------------
     0 | Abyss:1  | Foic the Sand Dwarf Abyssal Knight began the quest for the
                  | Orb.
     0 | Abyss:1  | Reached XP level 1. HP: 19/19 MP: 2/2
    71 | Abyss:1  | Noticed a large abomination
    71 | Abyss:1  | Noticed a tentacled starspawn
    72 | D:1      | Escaped the Abyss
   108 | D:1      | Reached XP level 2. HP: 21/27 MP: 3/3
   192 | D:1      | Reached * piety under Lugonu
   315 | D:1      | Reached XP level 3. HP: 31/34 MP: 4/4
   567 | D:1      | Reached skill level 4 in Maces & Flails
  1094 | D:2      | Reached skill level 1 in Dodging
  1369 | D:2      | Reached XP level 4. HP: 39/41 MP: 5/5
  1592 | D:2      | Found a faded altar of an unknown god.
  1603 | D:2      | Reached ** piety under Lugonu
  1636 | D:2      | Found a sparkling altar of Nemelex Xobeh.
  1968 | D:3      | Reached skill level 5 in Maces & Flails
  2000 | D:3      | Noticed a sky beast
  2007 | D:3      | Killed a sky beast
  2007 | D:3      | Reached skill level 6 in Maces & Flails
  2007 | D:3      | Reached XP level 5. HP: 29/47 MP: 6/6
  2201 | D:3      | Noticed an ogre
  2210 | D:3      | Killed an ogre
  2210 | D:3      | Reached XP level 6. HP: 32/55 MP: 7/7
  2351 | D:3      | Noticed an ice beast
  2362 | D:3      | Slain by an ice beast

Skill      XL: |  1  2  3  4 |
---------------+-------------+-----
Fighting       | 4 |  4.8
Maces & Flails | 4 6 |  6.7
Dodging        | 1 |  1.2
Invocations    | 2 |  2.4
Armour         | 3 |  3.8
Throwing       | |  1.0

Action                   |  1- 3 |  4- 6 || total
-------------------------+-------+-------++-------
Melee: Mace              |   101 |    96 ||   197
Invok: Depart the Abyss  |     1 |       ||     1
  Use: Scroll            |       |     5 ||     5
  Eat: Chunk             |     2 |     4 ||     6
Armor: Leather armour    |    18 |       ||    18
       Ring mail         |    21 |    16 ||    37
       Scale mail        |       |    12 ||    12
Dodge: Dodged            |   108 |    48 ||   156
